General information
- name: BNet
- type: Ladder team game (AT/RT)
- host: Battle.net
- saver: middaguurtjes
map: GolemsInTheMist
- players: 8
- length: 18:10
- speed: Fast
- version: 1.24 W3XP
- replay type: Public
» download(149 KB)
Players
team 1 (winner)
Ja_Morgen (
orange | 80 APM | 1452 actions | 18:09)
5 Death Knight
3 Death Coil
2 Unholy Aura
3 Lich
2 Frost Nova
1 Frost Armor
1 Crypt Lord
1 Impale
» actions
| Assign group hotkey | 19 | |
| Basic commands | 8 | |
| Build / train | 65 | |
| Enter build submenu | 30 | |
| Enter hero's abilities submenu | 10 | |
| Right click | 718 | |
| Select / deselect | 320 | |
| Select group hotkey | 225 | |
| Use ability | 57 | |
1452 total
» units
| Acolyte | 13 | |
| Ghoul | 3 | |
| Crypt Fiend | 8 | |
| Goblin Shredder | 4 | |
| Goblin Zeppelin | 2 | |
| Frost Wyrm | 6 | |
36 total
» upgrades
| Creature Attack | 1 | |
| Creature Carapace | 1 | |
2 total
» buildings
| Crypt | 2 | |
| Graveyard | 1 | |
| Altar of Darkness | 1 | |
| Ziggurat | 8 | |
| Tomb of Relics | 3 | |
| Nerubian Tower | 1 | |
| Halls of the Dead | 1 | |
| Black Citadel | 1 | |
| Necropolis | 2 | |
| Sacrificial Pit | 1 | |
| Boneyard | 2 | |
23 total
» build order
00:11 Crypt
00:12 Crypt
00:15 Graveyard
00:42 Altar of Darkness
00:57 Ziggurat
01:52 Tomb of Relics
01:53 Tomb of Relics
01:58 Tomb of Relics
02:10 Ziggurat
02:45 Nerubian Tower
04:44 Ziggurat
05:33 Halls of the Dead
06:34 Ziggurat
08:23 Black Citadel
09:52 Necropolis
10:10 Sacrificial Pit
10:54 Necropolis
11:11 Boneyard
11:13 Boneyard
15:05 Ziggurat
15:06 Ziggurat
17:22 Ziggurat
17:23 Ziggurat
» items
| Rod of Necromancy | 5 | |
| Orb of Corruption | 4 | |
| Scroll of Healing | 2 | |
| Potion of Healing | 1 | |
12 total
Xml (
red | 58 APM | 1062 actions | 18:09)
4 Archmage
2 Summon Water Elemental
2 Brilliance Aura
2 Mountain King
2 Storm Bolt
3 Paladin
2 Holy Light
1 Devotion Aura
» actions
| Assign group hotkey | 20 | |
| Build / train | 49 | |
| Enter build submenu | 20 | |
| Enter hero's abilities submenu | 10 | |
| Right click | 676 | |
| Select / deselect | 213 | |
| Select group hotkey | 9 | |
| Use ability | 65 | |
1062 total
» units
| Peasant | 6 | |
| Footman | 6 | |
| Gryphon Rider | 8 | |
| Dragonhawk Rider | 3 | |
23 total
» upgrades
| Lumber Harvesting | 1 | |
| Storm Hammers | 1 | |
| Cloud | 1 | |
3 total
» buildings
| Altar of Kings | 2 | |
| Farm | 9 | |
| Barracks | 1 | |
| Scout Tower | 2 | |
| Lumber Mill | 1 | |
| Arcane Vault | 1 | |
| Arcane Tower | 1 | |
| Keep | 1 | |
| Guard Tower | 1 | |
| Blacksmith | 1 | |
| Castle | 1 | |
| Gryphon Aviary | 2 | |
23 total
» build order
00:10 Altar of Kings
00:12 Farm
00:16 Altar of Kings
00:25 Barracks
00:50 Farm
01:39 Scout Tower
01:52 Lumber Mill
02:06 Arcane Vault
02:08 Arcane Tower
02:37 Farm
03:17 Scout Tower
03:47 Keep
03:52 Guard Tower
03:55 Farm
04:32 Blacksmith
06:11 Castle
07:23 Gryphon Aviary
07:26 Gryphon Aviary
08:48 Farm
08:51 Farm
09:32 Farm
11:12 Farm
17:39 Farm
» items
| Scroll of Regeneration | 3 | |
| Lesser Clarity Potion | 2 | |
| Scroll of Town Portal | 1 | |
6 total

»
middaguurtjes (
purple | 120 APM | 2183 actions | 18:10)
5 Blademaster
2 Wind Walk
3 Critical Strike
4 Shadow Hunter
2 Hex
2 Healing Wave
3 Tauren Chieftain
2 Endurance Aura
1 War Stomp
» actions
| Assign group hotkey | 48 | |
| Basic commands | 38 | |
| Build / train | 53 | |
| Enter build submenu | 13 | |
| Enter hero's abilities submenu | 12 | |
| Give item / drop item | 1 | |
| Right click | 694 | |
| Select / deselect | 891 | |
| Select group hotkey | 304 | |
| Use ability | 127 | |
2183 total
» units
» upgrades
| Ensnare | 1 | |
| Pillage | 1 | |
| Melee Weapons | 2 | |
| Envenomed Spears | 1 | |
| Ranged Weapons | 1 | |
| Armor | 1 | |
7 total
» buildings
| Altar of Storms | 1 | |
| Orc Burrow | 6 | |
| Voodoo Lounge | 1 | |
| Stronghold | 2 | |
| War Mill | 1 | |
| Beastiary | 2 | |
| Fortress | 1 | |
14 total
» build order
00:06 Altar of Storms
00:21 Orc Burrow
01:04 Voodoo Lounge
02:05 Stronghold
02:05 Stronghold
02:20 War Mill
03:02 Orc Burrow
04:26 Beastiary
04:27 Beastiary
04:33 Orc Burrow
06:18 Orc Burrow
07:05 Fortress
15:55 Orc Burrow
15:55 Orc Burrow
» items
| Healing Salve | 4 | |
| Lesser Clarity Potion | 2 | |
| Orb of Lightning | 1 | |
7 total

»
Lugubre (
yellow | 54 APM | 983 actions | 18:09)
4 Blademaster
2 Wind Walk
2 Critical Strike
» actions
| Assign group hotkey | 8 | |
| Basic commands | 27 | |
| Build / train | 57 | |
| Enter build submenu | 13 | |
| Enter hero's abilities submenu | 4 | |
| Give item / drop item | 1 | |
| Remove unit from queue | 1 | |
| Right click | 456 | |
| Select / deselect | 187 | |
| Select group hotkey | 164 | |
| Use ability | 65 | |
983 total
» units
» upgrades
| Spiked Barricades | 1 | |
| Ranged Weapons | 2 | |
| Armor | 2 | |
| Liquid Fire | 1 | |
6 total
» buildings
| Altar of Storms | 1 | |
| Orc Burrow | 5 | |
| Voodoo Lounge | 1 | |
| War Mill | 1 | |
| Stronghold | 2 | |
| Watch Tower | 1 | |
| Beastiary | 2 | |
| Fortress | 1 | |
14 total
» build order
00:07 Altar of Storms
00:20 Orc Burrow
00:41 Voodoo Lounge
01:27 War Mill
02:36 Stronghold
02:36 Stronghold
03:35 Orc Burrow
03:37 Orc Burrow
04:55 Watch Tower
05:35 Beastiary
05:39 Beastiary
06:14 Orc Burrow
06:48 Fortress
08:39 Orc Burrow
» items
| Healing Salve | 2 | |
| Lesser Clarity Potion | 7 | |
| Scroll of Speed | 1 | |
| Potion of Healing | 2 | |
| Orb of Lightning | 1 | |
13 total
team 2 (loser)

»
pitron (
pink | 76 APM | 1386 actions | 18:08)
5 Blademaster
3 Wind Walk
2 Critical Strike
» actions
| Assign group hotkey | 7 | |
| Basic commands | 2 | |
| Build / train | 55 | |
| Enter build submenu | 12 | |
| Enter hero's abilities submenu | 5 | |
| Right click | 844 | |
| Select / deselect | 359 | |
| Select group hotkey | 19 | |
| Use ability | 83 | |
1386 total
» units
| Peon | 9 | |
| Grunt | 4 | |
| Troll Headhunter/Berserker | 6 | |
| Demolisher | 1 | |
| Troll Batrider | 13 | |
| Frost Wyrm | 4 | |
37 total
» upgrades
» buildings
| Altar of Storms | 1 | |
| Orc Burrow | 4 | |
| Voodoo Lounge | 1 | |
| Barracks | 1 | |
| Stronghold | 1 | |
| War Mill | 1 | |
| Fortress | 1 | |
| Spirit Lodge | 2 | |
| Beastiary | 2 | |
14 total
» build order
00:15 Altar of Storms
00:21 Orc Burrow
01:06 Voodoo Lounge
01:23 Barracks
01:50 Orc Burrow
03:09 Stronghold
04:22 Orc Burrow
04:25 War Mill
07:43 Fortress
08:19 Spirit Lodge
08:23 Spirit Lodge
08:59 Beastiary
09:05 Beastiary
10:48 Orc Burrow
» items
| Lesser Clarity Potion | 3 | |
| Healing Salve | 2 | |
| Potion of Healing | 1 | |
| Orb of Lightning | 1 | |
| Scroll of Town Portal | 1 | |
8 total
DominaTor_XP (
teal | 87 APM | 1442 actions | 16:30)
3 Far Seer
2 Feral Spirit
1 Chain Lighting
2 Shadow Hunter
1 Serpent Ward
1 Healing Wave
» actions
| Assign group hotkey | 20 | |
| Basic commands | 103 | |
| Build / train | 45 | |
| ESC pressed | 2 | |
| Enter build submenu | 13 | |
| Enter hero's abilities submenu | 5 | |
| Right click | 560 | |
| Select / deselect | 249 | |
| Select group hotkey | 367 | |
| Use ability | 78 | |
1442 total
» units
| Peon | 5 | |
| Grunt | 12 | |
| Troll Witch Doctor | 1 | |
| Frost Wyrm | 1 | |
19 total
» upgrades
| Berserker Strength | 1 | |
| Armor | 2 | |
| Witch Doctor Training | 2 | |
5 total
» buildings
| Altar of Storms | 1 | |
| Orc Burrow | 5 | |
| Barracks | 1 | |
| Voodoo Lounge | 1 | |
| Stronghold | 1 | |
| War Mill | 1 | |
| Spirit Lodge | 1 | |
| Fortress | 1 | |
| Watch Tower | 3 | |
15 total
» build order
00:07 Altar of Storms
00:21 Orc Burrow
00:36 Barracks
01:33 Orc Burrow
02:04 Voodoo Lounge
03:18 Stronghold
03:32 Orc Burrow
03:34 War Mill
05:48 Spirit Lodge
08:35 Fortress
09:37 Orc Burrow
14:36 Orc Burrow
15:05 Watch Tower
15:08 Watch Tower
15:11 Watch Tower
» items
| Lesser Clarity Potion | 4 | |
| Scroll of Speed | 1 | |
| Healing Salve | 4 | |
| Potion of Healing | 1 | |
| Scroll of Town Portal | 1 | |
11 total
withzor (
blue | 34 APM | 544 actions | 16:05)
3 Death Knight
2 Death Coil
1 Unholy Aura
2 Lich
1 Frost Nova
1 Frost Armor
» actions
| Assign group hotkey | 6 | |
| Basic commands | 9 | |
| Build / train | 33 | |
| Enter build submenu | 14 | |
| Enter hero's abilities submenu | 5 | |
| Right click | 262 | |
| Select / deselect | 135 | |
| Select group hotkey | 28 | |
| Use ability | 52 | |
544 total
» units
| Acolyte | 2 | |
| Ghoul | 2 | |
| Crypt Fiend | 10 | |
| Frost Wyrm | 5 | |
19 total
» upgrades
» buildings
| Graveyard | 2 | |
| Crypt | 1 | |
| Ziggurat | 6 | |
| Altar of Darkness | 1 | |
| Tomb of Relics | 1 | |
| Nerubian Tower | 1 | |
| Halls of the Dead | 1 | |
| Black Citadel | 1 | |
| Sacrificial Pit | 1 | |
| Boneyard | 2 | |
17 total
» build order
00:38 Graveyard
00:42 Crypt
00:45 Graveyard
00:50 Ziggurat
01:12 Altar of Darkness
01:23 Tomb of Relics
01:34 Ziggurat
02:07 Nerubian Tower
04:31 Halls of the Dead
05:07 Ziggurat
07:36 Black Citadel
07:39 Sacrificial Pit
08:40 Ziggurat
10:01 Boneyard
10:03 Boneyard
11:23 Ziggurat
11:25 Ziggurat
» items
| Rod of Necromancy | 2 | |
| Scroll of Town Portal | 1 | |
3 total

»
7L.Esoteric (
green | 43 APM | 698 actions | 16:03)
2 Archmage
1 Blizzard
1 Brilliance Aura
1 Blood Mage
1 Flame Strike
» actions
| Assign group hotkey | 43 | |
| Basic commands | 6 | |
| Build / train | 51 | |
| Enter build submenu | 27 | |
| Enter hero's abilities submenu | 3 | |
| Remove unit from queue | 1 | |
| Right click | 240 | |
| Select / deselect | 191 | |
| Select group hotkey | 88 | |
| Use ability | 47 | |
698 total
» units
| Peasant | 19 | |
| Rifleman | 8 | |
| Mortar Team | 4 | |
| Flying Machine | 5 | |
36 total
» upgrades
» buildings
| Altar of Kings | 1 | |
| Farm | 11 | |
| Lumber Mill | 2 | |
| Blacksmith | 2 | |
| Scout Tower | 1 | |
| Barracks | 1 | |
| Keep | 1 | |
| Arcane Tower | 1 | |
| Workshop | 2 | |
| Arcane Vault | 1 | |
| Town Hall | 1 | |
24 total
» build order
00:12 Altar of Kings
00:23 Farm
00:39 Lumber Mill
00:56 Farm
01:15 Blacksmith
01:41 Scout Tower
01:42 Blacksmith
02:11 Barracks
02:44 Farm
03:34 Keep
03:52 Arcane Tower
04:09 Farm
05:36 Farm
06:32 Farm
06:35 Workshop
06:39 Workshop
07:06 Arcane Vault
07:18 Farm
08:05 Farm
08:46 Farm
08:57 Town Hall
09:40 Lumber Mill
10:17 Farm
10:57 Farm
» items
| Scroll of Regeneration | 2 | |
| Scroll of Town Portal | 2 | |
| Potion of Healing | 2 | |
6 total
Chat log
(01:51 / Allies) middaguurtjes: raider wys
(01:53 / Allies) middaguurtjes: vs
(02:05 / Allies) Lugubre: batts mass
(02:50 / Allies) middaguurtjes: he tr
(02:51 / Allies) middaguurtjes: ?
(02:52 / Allies) Ja_Morgen: y np
(03:09 / Allies) middaguurtjes: yello
(03:11 / Allies) middaguurtjes: peons
(05:06 / All) 7L.Esoteric: ahahaha
(05:11 / All) pitron: owned
(05:13 / All) Lugubre: xD
(05:18 / All) middaguurtjes: hes still alive
(05:26 / All) Lugubre: lucky
(05:31 / All) 7L.Esoteric: lost hp for like 100g tho
(06:08 / Allies) Ja_Morgen: heal dk pls
(06:58 / Allies) middaguurtjes: am b
(06:59 / Allies) middaguurtjes: bit
(07:04 / Allies) Ja_Morgen: coming
(08:38 / Allies) middaguurtjes: back
(08:41 / Allies) middaguurtjes: heal up n rego
(09:07 / Allies) Xml: wood ?
(09:21 / Allies) Xml: thx
(09:30 / Allies) middaguurtjes: 200g ?
(09:36 / Allies) middaguurtjes: xD
(09:46 / Allies) middaguurtjes: new strat?
(09:54 / Allies) Xml: kk
(10:17 / Allies) middaguurtjes: did hum have bm?
(10:36 / All) pitron: yy purp n1 mh
(10:53 / Allies) middaguurtjes: i own
(11:18 / All) 7L.Esoteric: lol
(11:20 / All) 7L.Esoteric: purp mh
(11:24 / All) middaguurtjes: ye
(12:27 / All) 7L.Esoteric: marked your name purple
(12:31 / All) 7L.Esoteric: banned
(12:34 / All) middaguurtjes: check replay
(12:35 / All) middaguurtjes: noob
(14:17 / All) middaguurtjes: u do have good micro green
(14:26 / All) middaguurtjes: have to admit that
(14:35 / All) pitron: u do have good mh
(14:42 / All) 7L.Esoteric: hahaha wanna 1v1? micro has nothing to do with 100food limit vs 10
(14:47 / All) middaguurtjes: GO
(14:48 / All) middaguurtjes: 1v1
(14:49 / All) 7L.Esoteric: u stupid fucktard
(14:55 / All) middaguurtjes: channel
(14:58 / All) pitron: solo nap with mh great
(14:59 / All) 7L.Esoteric: cant play other races than orc can u?
(15:05 / All) middaguurtjes: i play random dumbshit
(15:18 / Allies) middaguurtjes: eyllow go down
(15:21 / All) 7L.Esoteric: bm hex net so ...hard?
(15:21 / Allies) middaguurtjes: use bats
(15:24 / All) middaguurtjes: really
(15:38 / All) 7L.Esoteric: how the fuck can u mention my micro when u have those u fucking nigger
(16:11 / All) middaguurtjes: did he say what channel?
(17:15 / All) middaguurtjes: another am down